 Dungeon Crawl Stone Soup version 0.17.1-2-g5865329 (webtiles) character file.

25 ololoev the Covered (level 2, -1/24 HPs)
             Began as a Demonspawn Fighter on Feb 16, 2016.
             Slain by ololoev's ghost (10 damage)
             ... on level 4 of the Dungeon.
             The game lasted 00:01:54 (312 turns).

ololoev the Covered (Demonspawn Fighter)             Turns: 312, Time: 00:01:54

Health: -1/24      AC:  7    Str: 16    XL:     2   Next: 86%
Magic:  2/2        EV:  6    Int:  9    God:
Gold:   62         SH:  8    Dex: 12    Spells: 0 memorised, 1 level left

rFire  . . .     SeeInvis .     a - +0 war axe
rCold  . . .     Clarity  .     b - +0 scale mail
rNeg   . . .     SustAt   .     c - +0 shield
rPois  .         Gourm    .     (helmet restricted)
rElec  .         Spirit   .     (no cloak)
rCorr  .         Warding  .     (no gloves)
rMut   .         Stasis   .     h - +0 pair of boots
MR     .....                    (no amulet)
Stlth  ..........               (no ring)
                                (no ring)

@: not resistant to hostile enchantments, extremely unstealthy
A: horns 1
a: no special abilities


Innate Abilities, Weirdness & Mutations

You have a pair of small horns on your head.

Inventory:

Hand Weapons
 a - a +0 war axe (weapon)
Armour
 b - a +0 scale mail (worn)
 c - a +0 shield (worn)
 h - a +0 pair of boots (worn)
 m - a +0 pair of gloves
Scrolls
 i - a scroll of identify {unknown}
 j - a scroll of remove curse {unknown}
 k - a scroll of recharging {unknown}
Comestibles
 d - 4 chunks of flesh
 e - 2 bread rations
 f - 2 fruits
 g - a slice of pizza


   Skills:
 - Level 3.0 Fighting
 * Level 2.7 Axes
 + Level 3.1 Armour
 - Level 2.6 Shields


You had one spell level left.
You didn't know any spells.


You were on level 4 of the Dungeon.
You were not hungry.

You visited 1 branch of the dungeon, and saw 4 of its levels.

You collected 62 gold pieces.

### ..# #.# #.#
##### #
###.######...#
#.#...@W.O.....#
#.#.#.######........
#.....# ##......#
###.### #.#...## #.#
#.##.## #.# #.# .#
#.## #.. ..
#..###### ## +##
##......# ...

Notes
Turn   | Place    | Note
--------------------------------------------------------------
     0 | D:1      | ololoev the Demonspawn Fighter began the quest for the Orb.
     0 | D:1      | Reached XP level 1. HP: 18/18 MP: 1/1
   178 | D:3      | Gained mutation: You have a pair of small horns on your head. [demonic ancestry]
   178 | D:3      | Reached XP level 2. HP: 1/24 MP: 2/2
   272 | D:4      | Noticed a scorpion
   302 | D:4      | Noticed ololoev's ghost (weakling DsFi)
   304 | D:4      | Noticed an ogre
   312 | D:4      | Slain by ololoev's ghost

Dungeon Overview and Level Annotations

Branches:
Dungeon (4/15)
 Temple: D:4-7

Altars:

Annotations:
D:4 ololoev's ghost, weakling DsFi


Message History

You open the door.
A scorpion comes into view.
You close the door.
You now have 62 gold pieces (gained 6).
A worm comes into view.
The worm moves out of view.
You slash the worm!
The worm is heavily wounded.
You block the worm's attack.
You hit the worm.
The worm is heavily wounded.
You block the worm's attack.
You hit the worm.
The worm is severely wounded.
You hit the worm.
The worm is almost dead.
The worm bites you but does no damage.
Your shield prevents you from hitting the worm.
You headbutt the worm.
You kill the worm!
Found a pair of gloves.
Ololoev's ghost (weakling Demonspawn Fighter) comes into view.
Ololoev's ghost turns its malevolent gaze towards you.
You hear a shout!
Ololoev's ghost says, "I am invincible!"
You see here a pair of gloves.
m - a pair of gloves You block ololoev's ghost's attack.
An ogre comes into view. It is wielding a giant club.
The ogre shouts!
The ogre moves out of view.
Drink which item? (? for menu, Esc to quit)
Okay, then.
You hit ololoev's ghost. Your headbutt misses ololoev's ghost.
Ololoev's ghost is moderately damaged.
Ololoev's ghost hits you!
Ouch! That really hurt!
Drink which item? (? for menu, Esc to quit)
You feel better. Ololoev's ghost hits you!
You die...

You could see an ogre and ololoev's ghost.

Vanquished Creatures
  An adder (D:3)
  A worm (D:4)
  An orc (D:3)
  2 goblins
  A hobgoblin (D:2)
  A quokka (D:3)
  3 bats
  A giant cockroach (D:2)
  2 kobolds (D:2)
13 creatures vanquished.

Action                   || total
-------------------------++-------
Melee: War axe           ||    36
  Use: Potion            ||     3

Vault maps used:
D:1:      dpeg_arrival_orchard
D:2:      uniq_terence
D:3:      first_bread, minmay_distorted
D:4:      ashenzari_conservatory_becter
